 Dungeon Crawl Stone Soup version 0.27.1-34-g3ba077fa99 (webtiles) character file.

Game seed: 18102860772022193648

95 Delamore the Sneak (level 4, -4/29 HPs)
             Began as an Octopode Brigand on Feb 10, 2022.
             Slain by Ijyb (5 damage)
             ... on level 3 of the Dungeon.
             The game lasted 00:02:02 (2135 turns).

Delamore the Sneak (Octopode Brigand)               Turns: 2135, Time: 00:02:03

Health: -4/29      AC: -3    Str: 10    XL:     4   Next: 65%
Magic:  4/4        EV: 12    Int: 13    God:
Gold:   41         SH:  0    Dex: 14    Spells: 3/3 levels left

rFire    . . .     SeeInvis +   i - +2 short sword (speed)
rCold    . . .     Faith    .   (no shield)
rNeg     . . .     Spirit   .   (helmet restricted)
rPois    .         Reflect  .   f - amulet of the acrobat
rElec    .         Harm     .   l - ring of see invisible
rCorr    .         Rampage  .   (no ring)
Will     .....                  (no ring)
Stlth    +++++.....             (no ring)
HPRegen  0.09/turn              (no ring)
MPRegen  0.09/turn              (no ring)
                                (no ring)
                                (no ring)

@: corroded
A: almost no armour, amphibious, 8 rings, camouflage 1, gelatinous body 1,
(nimble swimmer 1), tentacles
a: no special abilities


You were on level 3 of the Dungeon.
You visited 1 branch of the dungeon, and saw 3 of its levels.

You collected 41 gold pieces.

Inventory:

Hand Weapons
 a - a +2 dagger
 i - a +2 short sword of speed (weapon)
Missiles
 b - 34 poisoned darts
 c - a curare-tipped dart (quivered)
Jewellery
 f - an amulet of the acrobat (around mantle)
 l - a ring of see invisible (left tentacle)
Scrolls
 e - a scroll of enchant armour {unknown}
 q - a scroll of summoning {unknown}
 r - a scroll of vulnerability {unknown}
Potions
 d - a potion of mutation {unknown}
 g - a potion of curing {unknown}
 h - a potion of heal wounds {unknown}
 j - a potion of brilliance {unknown}
 k - a potion of attraction {unknown}
 m - a potion of resistance {unknown}
 n - a potion of lignification {unknown}
 o - a potion of might {unknown}
 p - a potion of flight {unknown}


   Skills:
 - Level 2.0 Fighting
 + Level 3.1 Short Blades
 - Level 2.0 Throwing
 - Level 1.0 Dodging
 * Level 7.4 Stealth


You had 3 spell levels left.
You didn't know any spells.
Your spell library was empty.

Dungeon Overview and Level Annotations

Branches:
Dungeon (3/15)

Altars:
Uskayaw

Annotations:
D:3 Ijyb


Innate Abilities, Weirdness & Mutations

You cannot wear most types of armour.
You are amphibious.
You can wear up to eight rings at the same time.
Your skin changes colour to match your surroundings (Stealth+).
Your rubbery body absorbs attacks. (AC +1, EV +1)
((You are camouflaged near water. (Stealth+)))
You have tentacles for arms and can constrict up to eight enemies at once.


Message History

Ijyb shouts!
Ijyb screams, "Me very upset!"
Ijyb zaps a wand.
The bolt of acid misses you.
You hit Ijyb but do no damage. You grab Ijyb.
You constrict Ijyb, but do no damage.
Ijyb zaps a wand.
The bolt of acid misses you.
You hit Ijyb but do no damage. You constrict Ijyb.
Ijyb zaps a wand.
The bolt of acid hits you!
Ouch! That really hurt!
The acid corrodes you!
You are splashed with acid!
* * * LOW HITPOINT WARNING * * *
You are too injured to fight recklessly!
You are too injured to fight recklessly!
You are too injured to fight recklessly!
You are too injured to fight recklessly!
You are too injured to fight recklessly!
You are too injured to fight recklessly!
You are too injured to fight recklessly!
You are too injured to fight recklessly!
You are too injured to fight recklessly!
Throw: 2 darts (curare)
Press: ? - help, Q - select action, (/) - cycle Shift-Dir - straight line, f - Ijyb
Aim: Ijyb, wielding a +8 club, wearing a +0 chain mail and carrying a wand of acid (8) (lightly wounded, constricted by you, 90% to hit)
You throw a curare-tipped dart. The curare-tipped dart hits Ijyb.
Ijyb is poisoned.
Ijyb convulses.
Ijyb seems to slow down.
Ijyb is moderately wounded.
You constrict Ijyb. You hit Ijyb but do no damage. You squeeze Ijyb.
Ijyb is heavily wounded.
You constrict Ijyb. Ijyb screams, "I dance on your bones!"
Ijyb closely misses you.
You hit Ijyb but do no damage. You squeeze Ijyb, but do no damage.
Ijyb is heavily wounded.
You constrict Ijyb, but do no damage. You hit Ijyb but do no damage.
Ijyb is severely wounded.
You constrict Ijyb, but do no damage. Ijyb hits you with a +8 club.
You die...

#.#
############.#
#............#
#.############
#.# #.# #.#
#.# #@# #g#
#.# ..# ###


You could see Ijyb (very poisoned, slow).

Vanquished Creatures
  A gnoll (D:2)
  3 adders
  A white imp (D:3)
  An orc (D:3)
  7 endoplasms
  A giant cockroach (D:2)
  5 hobgoblins
  2 jackals (D:1)
  A quokka (D:2)
  3 ball pythons
  5 bats
  A frilled lizard (D:2)
  4 goblins
  5 kobolds
  7 rats
47 creatures vanquished.

Notes
Turn   | Place    | Note
-------+----------+-------------------------------------------
     0 | D:1      | Delamore the Octopode Brigand began the quest for the Orb.
     0 | D:1      | Reached XP level 1. HP: 14/14 MP: 1/1
   192 | D:1      | Reached XP level 2. HP: 15/19 MP: 2/2
   442 | D:1      | Reached skill level 6 in Stealth
   955 | D:2      | Reached XP level 3. HP: 24/24 MP: 3/3
  1202 | D:2      | Found a hide-covered altar of Uskayaw.
  1516 | D:3      | Reached XP level 4. HP: 29/29 MP: 4/4
  1562 | D:3      | Reached skill level 7 in Stealth
  2125 | D:3      | Noticed Ijyb
  2131 | D:3      | HP: 1/29 [acid (13)]
  2135 | D:3      | Slain by Ijyb

Illustrated notes

Levels and vault maps discovered:
D:1:      amcnicky_arrival_flooded_fountain, layout_basic
D:2:      layout_loops_cross, basic_altar
D:3:      layout_loops_ring, grunt_ministairs_7, uniq_ijyb,
          uniq_crazy_yiuf_cottage

Skill      XL: |  1  2  3  4 |
---------------+-------------+-----
Stealth        | 6 7 |  7.4
Short Blades   | 3 |  3.1
Fighting       | |  2.0
Throwing       | |  2.0
Dodging        | |  1.0

Action                   |  1- 3 |  4- 6 || total
-------------------------+-------+-------++-------
Melee: Dagger            |    29 |       ||    29
       Constrict         |    14 |     3 ||    17
       Tentacles         |     8 |     4 ||    12
       Short sword       |    25 |    22 ||    47
Throw: Dart              |       |     6 ||     6
 Stab: Sleeping          |    14 |     6 ||    20
       Distracted        |       |     1 ||     1
Armor: Skin              |     3 |       ||     3
Dodge: Dodged            |    21 |    15 ||    36
